 Dungeon Crawl Stone Soup version 0.31-a0-208-gdb31a4691d (webtiles) character file.

Game seed: 11349131391324953333

42 frimble the Grasshopper (level 3, -5/24 HPs)
             Began as an Octopode Warper on June 29, 2023.
             Slain by a gnoll
             ... wielding a +0 halberd
              (17 damage)
             ... on level 2 of the Dungeon.
             The game lasted 00:01:05 (815 turns).

frimble the Grasshopper (Octopode Warper)            Turns: 815, Time: 00:01:06

Health: -5/24      AC:  1    Str: 10    XL:     3   Next: 56%
Magic:  2/6        EV:  7    Int: 15    God:
Gold:   1332       SH:  0    Dex: 13    Spells: 4/6 levels left

rFire   . . .        j - +4 short sword
rCold   . . .        (no shield)
rNeg    . . .        (helmet restricted)
rPois   .            (no amulet)
rElec   .            (no ring)
rCorr   .            (no ring)
SInv    .            (no ring)
Will    .....        (no ring)
Stlth   +++          (no ring)
HPRegen 0.24/turn    (no ring)
MPRegen 0.10/turn    (no ring)
                     (no ring)

%: no passive effects
@: very slightly contaminated, held
A: almost no armour, amphibious, 8 rings, camouflage 1, gelatinous body 1,
(nimble swimmer 1), tentacles
a: no special abilities


You were on level 2 of the Dungeon.
You visited 1 branch of the dungeon, and saw 2 of its levels.

You collected 1332 gold pieces.

Inventory:

Hand Weapons
 j - a +4 short sword (weapon)
Missiles
 c - 7 boomerangs of dispersal (quivered)
Jewellery
 h - a ring of fire
Scrolls
 b - 2 scrolls of blinking
 d - 2 scrolls of identify
 f - a scroll of noise {unknown}
 g - a scroll of enchant weapon {unknown}
 i - a scroll of teleportation {unknown}
Potions
 e - a potion of ambrosia


   Skills:
 - Level 2.0 Fighting
 + Level 3.0 Short Blades
 - Level 1.0 Throwing
 + Level 2.5 Dodging
 + Level 2.2 Stealth
 - Level 2.0 Spellcasting
 - Level 3.0 Translocations


You had 4 spell levels left.
You knew the following spells:

 Your Spells              Type           Power      Damage    Failure   Level
a - Blink                 Tloc           20%        N/A       10%         2

Your spell library contained the following spells:

 Spells                   Type           Power      Damage    Failure   Level
 Lesser Beckoning         Tloc           20%        N/A       10%         2
 Teleport Other           Tloc           10%        N/A       19%         3
 Vhi's Electric Charge    Tloc/Air       12%        N/A       34%         3
 Manifold Assault         Tloc           10%        N/A       54%         4


Dungeon Overview and Level Annotations

Branches:
Dungeon (2/15)

Altars:


Innate Abilities, Weirdness & Mutations

You cannot wear most types of armour.
You are amphibious.
You can wear up to eight rings at the same time.
Your skin changes colour to match your surroundings (Stealth+).
Your rubbery body absorbs attacks. (AC +1, EV +1)
((You are camouflaged when in or above water. (Stealth+)))
You have tentacles for arms and can constrict up to eight enemies at once.


Message History

A gnoll comes into view. It is wielding a +0 halberd.
The hobgoblin shouts!
The gnoll shouts!
You hear a shout!
A gnoll comes into view. It is wielding a +0 spear.
The hobgoblin misses you.
You closely miss the hobgoblin. Your grab misses the hobgoblin.
You squeeze the hobgoblin, but do no damage.
The hobgoblin hits you.
You hit the hobgoblin. Your grab misses the hobgoblin.
You squeeze the hobgoblin, but do no damage.
The hobgoblin is almost dead.
The hobgoblin barely misses you.
You hit the hobgoblin but do no damage. You grab the hobgoblin.
The hobgoblin is almost dead.
You constrict the hobgoblin, but do no damage.
The hobgoblin hits you.
A gnoll comes into view. It is wielding a +0 halberd.
The gnoll misses you.
You are too injured to fight recklessly!
You are too injured to fight recklessly!
You are too injured to fight recklessly!
You are too injured to fight recklessly!
You are too injured to fight recklessly!
Casting: Blink (safe; 10% risk of failure)
Confirm with . or Enter, or press ? or * to list all spells.
You miscast Blink.
You are very lightly contaminated with residual magic.
Nothing appears to happen.
You constrict the hobgoblin.
You kill the hobgoblin!
The gnoll misses you. The gnoll barely misses you.
The gnoll throws a throwing net.
The throwing net hits you.
You become entangled in the net!
You see here a throwing net.
You struggle against the net.
The gnoll completely misses you.
The gnoll hits you from afar with a +0 spear.
Casting: Blink (safe; 10% risk of failure)
Confirm with . or Enter, or press ? or * to list all spells.
You miscast Blink.
Nothing appears to happen.
The gnoll closely misses you.
The gnoll hits you from afar with a +0 halberd!
Ouch! That really hurt!
You die...

#. ####.....
#.#
#....#.##
#.#
#.####.##
#.# ###.#
#... #.#
#...# ####
#.######.###
#..†.....#
##..#######
##.@##
...###..g#
......gg.#
#####.†g##
#...# #...#
#.... #..#.
... .


You could see 4 gnolls.

Vanquished Creatures
  4 dart slugs (D:1)
  2 endoplasms (D:1)
  A giant cockroach (D:1)
  5 goblins (D:1)
  3 hobgoblins
  4 kobolds (D:1)
  5 ball pythons (D:1)
  5 bats
  A frilled lizard (D:2)
  2 rats (D:1)
32 creatures vanquished.

Notes
Turn   | Place    | Note
-------+----------+-------------------------------------------
     0 | D:1      | frimble the Octopode Warper began the quest for the Orb.
     0 | D:1      | Reached XP level 1. HP: 14/14 MP: 3/3
   116 | D:1      | Reached XP level 2. HP: 19/19 MP: 5/5
   119 | D:1      | Learned a level 2 spell: Blink
   218 | D:1      | Reached skill level 1 in Stealth
   340 | D:1      | Reached XP level 3. HP: 24/24 MP: 6/6
   539 | D:1      | Found a faded altar of an unknown god.
   735 | D:1      | Identified a scroll of acquirement
   735 | D:1      | Acquired 1263 gold pieces
   815 | D:2      | Slain by a gnoll

Illustrated notes

Levels and vault maps discovered:
D:1:      saegor_arrival_simple_d, layout_basic, nicolae_ecumenical_lake_church,
          minmay_indecisive_spiral
D:2:      layout_rooms, serial_forest, infiniplex_forest_end_1,
          infiniplex_forest_clump_curved, infiniplex_forest_lined_3,
          infiniplex_forest_clump_diagonal, infiniplex_forest_clump_large

Skill      XL: |  1  2  3 |
---------------+----------+-----
Stealth        | 1 2 |  2.2
Short Blades   | 3 |  3.0
Fighting       | |  2.0
Throwing       | |  1.0
Dodging        | |  2.5
Spellcasting   | |  2.0
Translocations | |  3.0

Action                     || total
---------------------------++-------
  Melee: Short sword       ||    59
         Constrict         ||    14
         Tentacles         ||    11
         Punch             ||     2
    Use: Scroll            ||     2
   Stab: Sleeping          ||     5
 Armour: Skin              ||     1
  Dodge: Dodged            ||    36

Table legend: (Time is in decaauts)
 A = Elapsed time spent in this place.
 B = Non-inter-level travel time spent in this place.
 C = Inter-level travel time spent in this place.
 D = Time resting spent in this place.
 E = Time spent auto-exploring this place.
 F = Levels seen in this place.
 G = Mean time per level.
                   A        B        C        D        E       F      G
               +--------+--------+--------+--------+--------+-----+--------+
         Total |    806 |    790 |     16 |      0 |    624 |   2 |  403.0 |
       Dungeon |    806 |    790 |     16 |      0 |    624 |   2 |  403.0 |
               +--------+--------+--------+--------+--------+-----+--------+

Top non-repeatable levels by time:
     D:1: 745 daAuts
     D:2: 60 daAuts
